AoeStats
← Mogler

Golden Pit

509933072Analyzed
1v1 RM · 4d ago on Sep 28, 2026· 31m 6s· 2 players
Game mode
Random Map
Map size
Tiny (2 player)
Population
200
Speed
Normal
Resources
Standard
Victory
Conquest
Starting age
Dark Age
Ending age
Imperial Age
RankedLock teamsTeams togetherTeam positionsShared explorationLock speedFull tech treeHidden civsTurbo modeCheats
Victory
Defeat
🇩🇪 Chinese · Germany
1272
+16
🇩🇪 Magyars · Germany
1274
-16
[ROIDZ] Sir Gawain
0:26 Loom
9:15 Feudal Age
19:49 Castle Age
18:28 Stone Mining
18:58 Gold Mining
19:55 Pikeman
24:40 Fletching
29:13 Gold Shaft Mining
31:26 Bodkin Arrow
31:32 Padded Archer Armor
Mogler
6:50 Loom
9:44 Feudal Age
10:22 Double-Bit Axe
17:22 Castle Age
16:53 Scale Barding Armor
17:14 Horse Collar
17:59 Bloodlines
21:20 Town Watch
27:46 Corvinian Army
30:33 Fletching
30:43 Padded Archer Armor
Connection lost

Rejoining the realm…

Still unreachable

The connection could not be restored.

Session expired

The server has moved on; the page needs a fresh start.